 Dungeon Crawl Stone Soup version 0.26.0-10-g1f06aea511 (webtiles) character file.

Game seed: 17748772695637035140

87 Borgoz the Slasher (level 4, 0/38 HPs)
             Began as a Ghoul Gladiator on Jan 18, 2021.
             Slain by Natasha (6 damage)
             ... on level 2 of the Dungeon.
             The game lasted 00:01:24 (1737 turns).

Borgoz the Slasher (Ghoul Gladiator)                Turns: 1737, Time: 00:01:24

Health: 0/38       AC:  7    Str: 17    XL:     4   Next: 51%
Magic:  3/3        EV: 10    Int:  3    God:
Gold:   85         SH:  0    Dex: 11    Spells: 3/3 levels left

rFire    . . .     SeeInvis .   a - +0 long sword
rCold    + . .     Faith    .   (no shield)
rNeg     + + +     Spirit   .   i - +0 scale mail
rPois    ∞         Reflect  .   c - +0 helmet
rElec    .         Harm     .   (no cloak)
rCorr    .         Rampage  .   (no gloves)
Will     .....                  (no boots)
Stlth    ..........             (no amulet)
HPRegen  0.00/turn              (no ring)
MPRegen  0.08/turn              (no ring)

@: no status effects
A: claws 1, cold resistance 1, negative energy resistance 3, inhibited
regeneration, torment resistance, unbreathing
a: no special abilities


You were on level 2 of the Dungeon.
You visited 1 branch of the dungeon, and saw 2 of its levels.

You collected 85 gold pieces.

Inventory:

Hand Weapons
 a - a +0 long sword (weapon)
Missiles
 d - 3 throwing nets (quivered)
Armour
 c - a +0 helmet (worn)
 i - a +0 scale mail (worn)
Wands
 n - a wand of digging (5)
Scrolls
 b - a scroll of remove curse {unknown}
 e - 2 scrolls of magic mapping
 f - 2 scrolls of identify {unknown}
 g - a scroll of fear
 j - a scroll of noise {unknown}
 l - a scroll of amnesia {unknown}
Potions
 h - a potion of degeneration {unknown}
 k - a potion of attraction {unknown}
 m - a potion of flight {unknown}


   Skills:
 + Level 3.0 Fighting
 * Level 3.6 Long Blades
 - Level 1.7 Throwing
 + Level 1.3 Armour
 + Level 3.1 Dodging


You had 3 spell levels left.
You didn't know any spells.
Your spell library was empty.

Dungeon Overview and Level Annotations

Branches:
Dungeon (2/15)

Altars:

Annotations:
D:2 Natasha


Innate Abilities, Weirdness & Mutations

You thrive by killing the living.
You are immune to poison.
You have sharp fingernails.
Your flesh is cold resistant. (rC+)
You are immune to negative energy. (rN+++)
You do not regenerate when monsters are visible.
You are immune to unholy pain and torment.
You can survive without breathing.


Message History

The crimson imp is severely wounded.
The crimson imp hits you but does no damage.
You hit the crimson imp but do no damage.
The crimson imp is severely wounded.
The crimson imp hits you.
You hit the crimson imp.
The crimson imp is almost dead.
The crimson imp hits you but does no damage.
The crimson imp hits you.
You closely miss the crimson imp.
The crimson imp is severely wounded.
The crimson imp disappears in a puff of smoke!
You slash Natasha!
Natasha is severely wounded.
Natasha closely misses you. Natasha claws you.
* * * LOW HITPOINT WARNING * * *
You barely miss Natasha.
Natasha is severely wounded.
Natasha claws you.
You die...

...# #..# ##### #..# ## ......#..
.. ####......#5##.# .... #
#gh.5.# #..##. ##.#### # #....##
##h# ####### #### # #.#..###@##
#.....# #... # #.....#.##
#.###.####.## ## ###.##.##
#.###......# .# ##.####
#..######### .# #...# ##.###
.###### #...# ####...# ......#
#...# #....#.########
.####.####.÷.######.#......##.[..
.####............##.#...##.##....


You could see Natasha.

Vanquished Creatures
  Jessica (D:2)
  A worm (D:2)
  3 ball pythons
  6 goblins (D:1)
  6 hobgoblins
  14 jackals
  11 bats
  5 frilled lizards
  A kobold (D:1)
  4 rats
52 creatures vanquished.

Notes
Turn   | Place    | Note
-------+----------+-------------------------------------------
     0 | D:1      | Borgoz the Ghoul Gladiator began the quest for the Orb.
     0 | D:1      | Reached XP level 1. HP: 17/17 MP: 0/0
   169 | D:1      | Reached XP level 2. HP: 19/25 MP: 1/1
   670 | D:1      | Reached XP level 3. HP: 25/30 MP: 2/2
  1082 | D:2      | Reached skill level 1 in Armour
  1658 | D:2      | Noticed Jessica
  1665 | D:2      | Killed Jessica
  1666 | D:2      | Reached XP level 4. HP: 36/37 MP: 3/3
  1708 | D:2      | Noticed Natasha
  1737 | D:2      | Slain by Natasha

Illustrated notes

Levels and vault maps discovered:
D:1:      lightli_arrival_flooded_house, layout_basic
D:2:      layout_loops_cross, uniq_natasha, uniq_jessica

Skill      XL: |  1  2  3  4 |
---------------+-------------+-----
Long Blades    | 3 |  3.6
Armour         | 1 |  1.3
Dodging        | 3 |  3.1
Fighting       | 3 |  3.0
Throwing       | |  1.7

Action                   |  1- 3 |  4- 6 || total
-------------------------+-------+-------++-------
Melee: Long sword        |   145 |    31 ||   176
  Use: Scroll            |     2 |       ||     2
Armor: Leather armour    |    25 |       ||    25
       Scale mail        |    53 |    30 ||    83
Dodge: Dodged            |   119 |    33 ||   152
       Rpst.: Long sword |    36 |     9 ||    45
